TOP OF THE 1ST |
University of Nebraska Cornhuskers batting - Pitching for University of Florida Gators : RHP Marty Jackson
|
Pitching: RHP Marty Jackson
|
|
Batting: RHB Willie Acevedo
|
0-0: Foul Ball, location: 2F 0-1: DOUBLE (Line Drive, 78M, EV 105.6 MPH)
|
Batting: LHB Martin Koka
|
0-0: Fly out, F5 (Flyball, 5D, EV 78.1 MPH)
|
Batting: LHB Arunansu Meenan
|
0-0: Ball 1-0: Fly out, F9 (Line Drive, 9, EV 100.0 MPH)
|
Batting: RHB Fred Rodriguez
|
0-0: Called Strike 0-1: Foul Ball, location: 2F 0-2: Ball 1-2: Ball 2-2: Reached via error on a dropped throw from 1B, E1 (Groundball, 34S, EV 83.1 MPH) Willie Acevedo to third
|
Batting: RHB Chris Lenius
|
0-0: Ball 1-0: Reached on error, E9 (Flyball, 9D, EV 91.9 MPH) Willie Acevedo scores Fred Rodriguez to third
|
Batting: SHB Omar Cervantes
|
0-0: Foul Ball, location: 2F 0-1: Called Strike 0-2: Strikes out swinging
|
Top of the 1st over - 1 run, 1 hit, 2 errors, 2 left on base; University of Nebraska 1 - University of Florida 0 |
BOTTOM OF THE 1ST |
University of Florida Gators batting - Pitching for University of Nebraska Cornhuskers : RHP Scott Ernst
|
Pitching: RHP Scott Ernst
|
|
Batting: RHB Antonio Honorato
|
0-0: Swinging Strike 0-1: Swinging Strike 0-2: Strikes out swinging
|
Batting: RHB Marco Morales
|
0-0: Ground out 5-3 (Groundball, 56S, EV 77.5 MPH)
|
Batting: RHB Luis Cabera
|
0-0: Ball 1-0: Ball 2-0: Called Strike 2-1: Ball 3-1: Fly out, F8 (Flyball, 78D, EV 93.1 MPH)
|
Bottom of the 1st over - 0 runs, 0 hits, 0 errors, 0 left on base; University of Nebraska 1 - University of Florida 0 |
TOP OF THE 2ND |
University of Nebraska Cornhuskers batting - Pitching for University of Florida Gators : RHP Marty Jackson
|
Batting: LHB Roger Shearing
|
0-0: Ball 1-0: Called Strike 1-1: Fly out, F6 (Line Drive, 6, EV 65.6 MPH)
|
Batting: LHB Pete Fischer
|
0-0: Foul Ball, location: 2F 0-1: Ground out U3 (Groundball, 3, EV 100.6 MPH)
|
Batting: RHB Mike Robinson
|
0-0: Called Strike 0-1: Reached on error, E6 (Groundball, 6, EV 80.0 MPH)
|
Batting: RHB Willie Acevedo
|
0-0: Called Strike 0-1: Foul Ball, location: 2F 0-2: Ball 1-2: Ball 2-2: Ball 3-2: Ground out 6-3 (Groundball, 6S, EV 69.4 MPH)
|
Top of the 2nd over - 0 runs, 0 hits, 1 error, 1 left on base; University of Nebraska 1 - University of Florida 0 |
BOTTOM OF THE 2ND |
University of Florida Gators batting - Pitching for University of Nebraska Cornhuskers : RHP Scott Ernst
|
Batting: RHB Mike Stein
|
0-0: Ball 1-0: Called Strike 1-1: Called Strike 1-2: Foul Ball, location: 2F 1-2: Foul Ball, location: 2F 1-2: Ball 2-2: Fly out, F8 (Line Drive, 8LM, EV 91.2 MPH)
|
Batting: RHB Ryan Jennings
|
0-0: Called Strike 0-1: Foul Ball, location: 2F 0-2: SINGLE (Line Drive, 3D, EV 98.1 MPH)
|
Batting: RHB Mike Webb
|
0-0: SINGLE (Groundball, 6MD, EV 103.1 MPH) Ryan Jennings to second
|
Pitching: LHP Danny Hernandez
|
|
Batting: RHB Alex Martinez
|
0-0: Called Strike 0-1: Ball 1-1: Fly out, F4 (Flyball, 4MD, EV 93.1 MPH)
|
Batting: RHB Tommy Henn
|
0-0: Called Strike 0-1: Ball 1-1: Foul Ball, location: 2F 1-2: Foul Ball, location: 2F 1-2: Fly out, F7 (Flyball, 7S, EV 81.9 MPH)
|
Bottom of the 2nd over - 0 runs, 2 hits, 0 errors, 2 left on base; University of Nebraska 1 - University of Florida 0 |
TOP OF THE 3RD |
University of Nebraska Cornhuskers batting - Pitching for University of Florida Gators : RHP Marty Jackson
|
Batting: LHB Martin Koka
|
0-0: Swinging Strike 0-1: Ground out 5-3 (Groundball, 56S, EV 83.8 MPH)
|
Batting: LHB Arunansu Meenan
|
0-0: Ball 1-0: Foul Ball, location: 2F 1-1: Ground out U3 (Groundball, 3, EV 84.4 MPH)
|
Batting: RHB Fred Rodriguez
|
0-0: Called Strike 0-1: Ball 1-1: Ground out 5-3 (Groundball, 5, EV 104.4 MPH)
|
Top of the 3rd over - 0 runs, 0 hits, 0 errors, 0 left on base; University of Nebraska 1 - University of Florida 0 |
BOTTOM OF THE 3RD |
University of Florida Gators batting - Pitching for University of Nebraska Cornhuskers : LHP Danny Hernandez
|
Batting: RHB Jim Unknown
|
0-0: Foul Ball, location: 2F 0-1: Foul Ball, location: 2F 0-2: Ball 1-2: Strikes out swinging, 2-3 out at first.
|
Batting: RHB Antonio Honorato
|
0-0: Ball 1-0: Called Strike 1-1: Ground out U3 (Groundball, 34, EV 110.0 MPH)
|
Batting: RHB Marco Morales
|
0-0: Called Strike 0-1: Ball 1-1: SINGLE (Line Drive, 6D, EV 96.9 MPH)
|
Batting: RHB Luis Cabera
|
0-0: Foul Ball, location: 2F 0-1: Ball 1-1: Fly out, F8 (Flyball, 8LXD, EV 94.4 MPH)
|
Bottom of the 3rd over - 0 runs, 1 hit, 0 errors, 1 left on base; University of Nebraska 1 - University of Florida 0 |
TOP OF THE 4TH |
University of Nebraska Cornhuskers batting - Pitching for University of Florida Gators : RHP Marty Jackson
|
Batting: RHB Chris Lenius
|
0-0: Called Strike 0-1: Swinging Strike 0-2: Ball 1-2: Strikes out looking
|
Batting: SHB Omar Cervantes
|
0-0: Foul Ball, location: 2F 0-1: Ball 1-1: Called Strike 1-2: Ball 2-2: Fly out, F5 (Popup, 25F, EV 82.5 MPH)
|
Batting: LHB Roger Shearing
|
0-0: SINGLE (Groundball, 6S, EV 73.1 MPH) (infield hit)
|
Batting: LHB Pete Fischer
|
0-0: Ball 1-0: Called Strike 1-1: Fly out, F5 (Flyball, 56D, EV 91.2 MPH)
|
Top of the 4th over - 0 runs, 1 hit, 0 errors, 1 left on base; University of Nebraska 1 - University of Florida 0 |
BOTTOM OF THE 4TH |
University of Florida Gators batting - Pitching for University of Nebraska Cornhuskers : LHP Danny Hernandez
|
Batting: RHB Mike Stein
|
0-0: Foul Ball, location: 2F 0-1: Ball 1-1: Foul Ball, location: 2F 1-2: Ground out 6-3 (Groundball, 6, EV 109.4 MPH)
|
Batting: RHB Ryan Jennings
|
0-0: Foul Ball, location: 2F 0-1: Fly out, F9 (Flyball, 89S, EV 90.0 MPH)
|
Batting: RHB Mike Webb
|
0-0: SOLO HOME RUN (Flyball, 78XD, EV 105.6 MPH), Distance : 421 ft
|
Batting: RHB Alex Martinez
|
0-0: Ground out 5-3 (Groundball, 56, EV 86.9 MPH)
|
Bottom of the 4th over - 1 run, 1 hit, 0 errors, 0 left on base; University of Nebraska 1 - University of Florida 1 |
TOP OF THE 5TH |
University of Nebraska Cornhuskers batting - Pitching for University of Florida Gators : RHP Marty Jackson
|
Batting: RHB Mike Robinson
|
0-0: SINGLE (Groundball, 6MD, EV 105.0 MPH)
|
Batting: RHB Willie Acevedo
|
0-0: Swinging Strike 0-1: Foul Ball, location: 2F 0-2: Foul Ball, location: 2F 0-2: SINGLE (Groundball, P, EV 87.5 MPH) (infield hit) Mike Robinson to second
|
Batting: LHB Martin Koka
|
0-0: Called Strike 0-1: Ball Wild Pitch! Mike Robinson to third Willie Acevedo to second 1-1: Ball 2-1: Ball 3-1: DOUBLE (Line Drive, 89D, EV 109.4 MPH) Mike Robinson scores Willie Acevedo scores
|
Batting: LHB Arunansu Meenan
|
0-0: Fly out, F8 (Line Drive, 8LM, EV 93.1 MPH)
|
Batting: RHB Fred Rodriguez
|
0-0: Called Strike 0-1: Fly out, F8 (Flyball, 8LS, EV 81.9 MPH)
|
Batting: RHB Chris Lenius
|
0-0: DOUBLE (Groundball, 5L, EV 109.4 MPH) Martin Koka scores
|
Batting: SHB Omar Cervantes
|
0-0: Ball 1-0: Foul Ball, location: 2F 1-1: Ball 2-1: Ground out 1-3 (Groundball, 13S, EV 63.8 MPH)
|
Top of the 5th over - 3 runs, 4 hits, 0 errors, 1 left on base; University of Nebraska 4 - University of Florida 1 |
BOTTOM OF THE 5TH |
University of Florida Gators batting - Pitching for University of Nebraska Cornhuskers : LHP Danny Hernandez
|
Batting: RHB Tommy Henn
|
0-0: Ball 1-0: Called Strike 1-1: Ball 2-1: Fly out, F8 (Flyball, 8LM, EV 81.9 MPH)
|
Batting: RHB Jim Unknown
|
0-0: Ball 1-0: Ball 2-0: Called Strike 2-1: Foul Ball, location: 2F 2-2: Ground out 5-3 (Groundball, 56S, EV 68.8 MPH)
|
Batting: RHB Antonio Honorato
|
0-0: Ground out 6-3 (Groundball, 6, EV 81.9 MPH)
|
Bottom of the 5th over - 0 runs, 0 hits, 0 errors, 0 left on base; University of Nebraska 4 - University of Florida 1 |
TOP OF THE 6TH |
University of Nebraska Cornhuskers batting - Pitching for University of Florida Gators : RHP Marty Jackson
|
Batting: LHB Roger Shearing
|
0-0: Foul Ball, location: 2F 0-1: Ball 1-1: Ball 2-1: Ball 3-1: SINGLE (Flyball, 8RS, EV 89.4 MPH)
|
Batting: LHB Pete Fischer
|
0-0: Called Strike 0-1: SINGLE (Line Drive, 7S, EV 103.1 MPH) Roger Shearing to second
|
Batting: RHB Mike Robinson
|
0-0: Called Strike 0-1: Fielders Choice at 2nd, 3-6 (Groundball, 34, EV 83.8 MPH) Roger Shearing to third
|
Batting: RHB Willie Acevedo
|
0-0: Ground out 5-3 (Groundball, 56S, EV 93.8 MPH) Mike Robinson to second
|
Batting: LHB Martin Koka
|
0-0: Ball 1-0: Foul Ball, location: 2F 1-1: Called Strike 1-2: SINGLE (Groundball, 4, EV 95.0 MPH) Roger Shearing scores Mike Robinson to third Runner from 3rd tries for Home, SAFE, throw by CF to home
|
Batting: LHB Arunansu Meenan
|
0-0: Foul Ball, location: 2F 0-1: Foul Ball, location: 2F 0-2: Foul Ball, location: 2F 0-2: Foul Ball, location: 2F 0-2: 2-RUN HOME RUN (Flyball, 9LD, EV 93.1 MPH), Distance : 337 ft
|
Pitching: LHP Jim Unknown
|
|
Batting: RHB Fred Rodriguez
|
0-0: Ground out 4-3 (Groundball, 4, EV 96.2 MPH)
|
Top of the 6th over - 4 runs, 4 hits, 0 errors, 0 left on base; University of Nebraska 8 - University of Florida 1 |
BOTTOM OF THE 6TH |
University of Florida Gators batting - Pitching for University of Nebraska Cornhuskers : LHP Danny Hernandez
|
Batting: RHB Marco Morales
|
0-0: Ground out 6-3 (Groundball, 6, EV 75.0 MPH)
|
Pitching: RHP Wietze Rietveld
|
|
Batting: RHB Luis Cabera
|
0-0: SINGLE (Line Drive, 89S, EV 100.6 MPH)
|
Batting: RHB Mike Stein
|
0-0: Ball 1-0: Called Strike 1-1: Ball 2-1: Foul Ball, location: 2F 2-2: Foul Ball, location: 2F 2-2: DOUBLE (Line Drive, 8LXD, EV 98.1 MPH) Luis Cabera to third
|
Batting: RHB Ryan Jennings
|
0-0: Ground out 5-3 (Groundball, 56S, EV 69.4 MPH) Luis Cabera scores Mike Stein to third
|
Batting: RHB Mike Webb
|
0-0: Foul Ball, location: 2F 0-1: Ground out 2-3 (Groundball, 2R, EV 66.9 MPH)
|
Bottom of the 6th over - 1 run, 2 hits, 0 errors, 1 left on base; University of Nebraska 8 - University of Florida 2 |
TOP OF THE 7TH |
University of Nebraska Cornhuskers batting - Pitching for University of Florida Gators : LHP Jim Unknown
|
Batting: RHB Chris Lenius
|
0-0: Ball 1-0: Called Strike 1-1: Single, Error in OF, E9, batter to second base (Groundball, 34D, EV 107.5 MPH)
|
Batting: SHB Omar Cervantes
|
0-0: Foul Ball, location: 2F 0-1: Swinging Strike 0-2: Ball 1-2: Foul Ball, location: 2F 1-2: Foul Ball, location: 2F 1-2: Fly out, F9 (Flyball, 9, EV 88.8 MPH)
|
Batting: LHB Roger Shearing
|
0-0: Ball 1-0: Ball 2-0: Foul Ball, location: 2F 2-1: Swinging Strike 2-2: Ball 3-2: Base on Balls
|
Batting: LHB Pete Fischer
|
0-0: Fielders Choice at 2nd, 4-6 (Groundball, 4, EV 82.5 MPH) Chris Lenius to third
|
Batting: RHB Mike Robinson
|
0-0: Foul Ball, location: 2F 0-1: Called Strike 0-2: Ball 1-2: Ball 2-2: Ground out 5-3 (Groundball, 15, EV 90.0 MPH)
|
Top of the 7th over - 0 runs, 1 hit, 1 error, 2 left on base; University of Nebraska 8 - University of Florida 2 |
BOTTOM OF THE 7TH |
University of Florida Gators batting - Pitching for University of Nebraska Cornhuskers : RHP Wietze Rietveld
|
Batting: RHB Alex Martinez
|
0-0: Ball 1-0: Swinging Strike 1-1: Swinging Strike 1-2: Ball 2-2: Ball 3-2: Foul Ball, location: 2F 3-2: Strikes out swinging
|
Batting: RHB Tommy Henn
|
0-0: Swinging Strike 0-1: Called Strike 0-2: SINGLE (Line Drive, 7LS, EV 91.9 MPH)
|
Batting: RHB Jim Unknown
|
0-0: Ball 1-0: Ball 2-0: Foul Ball, location: 2F 2-1: Fly out, F7 (Flyball, 7LS, EV 84.4 MPH)
|
Batting: RHB Antonio Honorato
|
0-0: Ball 1-0: Called Strike 1-1: Ball 2-1: SINGLE (Groundball, 6MD, EV 95.0 MPH) Tommy Henn to second
|
Batting: RHB Marco Morales
|
0-0: Ball 1-0: Called Strike 1-1: Fielders Choice at 2nd, 6-4 (Groundball, 6, EV 88.1 MPH)
|
Bottom of the 7th over - 0 runs, 2 hits, 0 errors, 2 left on base; University of Nebraska 8 - University of Florida 2 |
TOP OF THE 8TH |
University of Nebraska Cornhuskers batting - Pitching for University of Florida Gators : LHP Jim Unknown
|
Batting: RHB Willie Acevedo
|
0-0: Called Strike 0-1: SINGLE (Line Drive, 4D, EV 105.0 MPH)
|
Batting: LHB Martin Koka
|
0-0: Called Strike 0-1: Foul Ball, location: 2F 0-2: Ball 1-2: DOUBLE (Groundball, 5L, EV 103.8 MPH) Willie Acevedo to third
|
Batting: LHB Arunansu Meenan
|
0-0: Called Strike 0-1: SINGLE (Groundball, 4D, EV 96.9 MPH) Willie Acevedo scores Martin Koka to third
|
Batting: RHB Fred Rodriguez
|
0-0: Swinging Strike 0-1: Hit by Pitch Arunansu Meenan to second
|
Batting: RHB Chris Lenius
|
0-0: Called Strike 0-1: Ball 1-1: Ball 2-1: Swinging Strike 2-2: Ball 3-2: Grounds into double play, 1-2-3 (Groundball, 13S, EV 71.2 MPH) Arunansu Meenan to third Fred Rodriguez to second
|
Batting: SHB Omar Cervantes
|
0-0: Ball 1-0: Foul Ball, location: 2F 1-1: Ball 2-1: Swinging Strike 2-2: Foul Ball, location: 2F 2-2: Ball 3-2: Base on Balls
|
Batting: LHB Roger Shearing
|
0-0: Called Strike 0-1: Swinging Strike 0-2: Ball Wild Pitch! Arunansu Meenan scores Fred Rodriguez to third Omar Cervantes to second 1-2: Ball 2-2: Ball 3-2: Base on Balls
|
Batting: LHB Pete Fischer
|
0-0: Ball 1-0: Ball 2-0: Called Strike 2-1: DOUBLE (Flyball, 78D, EV 90.6 MPH) Fred Rodriguez scores Omar Cervantes scores Roger Shearing to third Runner from 3rd tries for Home, SAFE, throw by CF to trailing runner, OUT at third! 8-3-5
|
Top of the 8th over - 5 runs, 4 hits, 0 errors, 0 left on base; University of Nebraska 13 - University of Florida 2 |
BOTTOM OF THE 8TH |
University of Florida Gators batting - Pitching for University of Nebraska Cornhuskers : RHP Wietze Rietveld
|
Batting: RHB Luis Cabera
|
0-0: Ball 1-0: Ground out U3 (Groundball, 3L, EV 93.1 MPH)
|
Batting: RHB Mike Stein
|
0-0: Ground out 6-3 (Groundball, 6, EV 82.5 MPH)
|
Batting: RHB Ryan Jennings
|
0-0: Ball 1-0: Called Strike 1-1: Foul Ball, location: 2F 1-2: Ball 2-2: Foul Ball, location: 2F 2-2: Ball 3-2: Foul Ball, location: 2F 3-2: SINGLE (Groundball, 6MD, EV 108.1 MPH)
|
Batting: RHB Mike Webb
|
0-0: Ball 1-0: SINGLE (Groundball, 56D, EV 100.0 MPH) Ryan Jennings to second
|
Pinch Hitting: RHB Martin Dudley
|
0-0: Ball 1-0: Ball 2-0: Called Strike 2-1: Ground out 6-3 (Groundball, 6M, EV 107.5 MPH)
|
Bottom of the 8th over - 0 runs, 2 hits, 0 errors, 2 left on base; University of Nebraska 13 - University of Florida 2 |
TOP OF THE 9TH |
University of Nebraska Cornhuskers batting - Pitching for University of Florida Gators : LHP Jim Unknown
|
Now in LF: Keiji Kato
|
|
Batting: RHB Mike Robinson
|
0-0: Ball 1-0: Swinging Strike 1-1: SINGLE (Groundball, 56D, EV 104.4 MPH)
|
Batting: RHB Willie Acevedo
|
0-0: Ball 1-0: Called Strike 1-1: Fielders Choice at 2nd, 6-4 (Groundball, 6, EV 106.9 MPH)
|
Pitching: RHP Jim Unknown
|
|
Batting: LHB Martin Koka
|
0-0: DOUBLE (Line Drive, 89D, EV 105.0 MPH) Willie Acevedo to third Runner from 3rd tries for Home, SAFE, throw by RF to trailing runner, OUT at third! 9-3-5
|
Batting: LHB Arunansu Meenan
|
0-0: Foul Ball, location: 2F 0-1: Called Strike 0-2: Ball 1-2: Ball 2-2: Foul Ball, location: 2F 2-2: Ball 3-2: Base on Balls
|
Pinch Hitting: LHB Danny Sosa
|
0-0: Ball 1-0: Fly out, F7 (Flyball, 7D, EV 90.6 MPH)
|
Top of the 9th over - 1 run, 2 hits, 0 errors, 1 left on base; University of Nebraska 14 - University of Florida 2 |
BOTTOM OF THE 9TH |
University of Florida Gators batting - Pitching for University of Nebraska Cornhuskers : RHP Wietze Rietveld
|
Now at 2B: Tetsu Fujita
|
|
Batting: RHB Tommy Henn
|
0-0: Ball 1-0: Foul Ball, location: 2F 1-1: Ball 2-1: Ground out 4-3 (Groundball, 4S, EV 82.5 MPH)
|
Batting: RHB Jim Unknown
|
0-0: Called Strike 0-1: Foul Ball, location: 2F 0-2: Ball 1-2: Strikes out swinging
|
Batting: RHB Antonio Honorato
|
0-0: Foul Ball, location: 2F 0-1: SINGLE (Groundball, 56, EV 108.1 MPH)
|
Batting: RHB Marco Morales
|
0-0: Ball 1-0: Ball 2-0: Foul Ball, location: 2F 2-1: Ground out 3-1 (Groundball, 3D, EV 106.9 MPH)
|
Bottom of the 9th over - 0 runs, 1 hit, 0 errors, 1 left on base; University of Nebraska 14 - University of Florida 2 |
|